 Dungeon Crawl Stone Soup version 0.19.0-11-g3fc08b3 (webtiles) character file.

1950 theElss the Destroyer (level 8, 0/46 HPs)
             Began as a High Elf Conjurer on Nov 9, 2016.
             Was a Follower of Vehumet.
             Slain by a wraith (6 damage)
             ... on level 7 of the Dungeon.
             The game lasted 00:32:16 (9546 turns).

theElss the Destroyer (High Elf Conjurer)           Turns: 9546, Time: 00:32:16

Health: 0/46       AC:  5    Str:  7    XL:     8   Next: 99%
Magic:  3/22       EV: 13    Int: 20    God:    Vehumet [*.....]
Gold:   351        SH:  0    Dex: 17    Spells: 4 memorised, 13 levels left

rFire  . . .     SeeInvis .     d - +0 spear
rCold  . . .     Gourm    +     r - +2 robe {MR+}
rNeg   . . .     Faith    .     (no shield)
rPois  .         Spirit   .     (no helmet)
rElec  .         Reflect  .     z - +0 cloak
rCorr  .         Harm     .     (no gloves)
MR     +....                    (no boots)
Stlth  ++........               f - amulet of the gourmand
                                (no ring)
                                (no ring)

@: very slightly contaminated, slowed, very slow
A: no striking features
a: Renounce Religion


You were on level 7 of the Dungeon.
You worshipped Vehumet.
Vehumet was aware of your devotion.
You were not hungry.

You visited 2 branches of the dungeon, and saw 8 of its levels.

You collected 351 gold pieces.

Inventory:

Hand Weapons
 d - a +0 spear (weapon)
Armour
 r - a +2 robe of magic resistance (worn)
 z - a +0 cloak (worn)
Jewellery
 f - an amulet of the gourmand (around neck)
 k - an uncursed amulet of rage
Wands
 n - a wand of teleportation (5/9)
 w - a wand of disintegration (11/24)
 D - a wand of flame (28/48)
 G - a wand of lightning (4/15)
Scrolls
 a - a scroll of identify
 g - 3 scrolls of teleportation
 h - 2 scrolls of fear
 p - 2 scrolls of remove curse
 q - 3 scrolls of random uselessness {unknown}
 t - 6 scrolls of blinking
 y - 2 scrolls of enchant armour {unknown}
 F - a scroll of amnesia {unknown}
Potions
 e - a potion of agility {unknown}
 i - a potion of magic {unknown}
 l - 2 potions of curing {unknown}
 m - a potion of brilliance {unknown}
 o - a potion of flight {unknown}
 s - 2 potions of heal wounds {unknown}
 v - a potion of haste {unknown}
 A - a potion of might {unknown}
 B - a potion of ambrosia {unknown}
 E - 2 potions of lignification {unknown}
Books
 b - a book of Conjurations

   Spells                             Type                      Level
   a - Magic Dart                     Conjuration                  1
   b - Searing Ray                    Conjuration                  2
   c - Dazzling Spray                 Conjuration/Hexes            3
   d - Fulminant Prism                Conjuration/Hexes            4
   e - Iskenderun's Mystic Blast      Conjuration                  4
   f - Iskenderun's Battlesphere      Conjuration/Charms           5
 x - a book of Misfortune

   Spells                             Type                      Level
   a - Confusing Touch                Hexes                        1
   b - Confuse                        Hexes                        3
   c - Gell's Gravitas                Hexes/Translocation          3
   d - Petrify                        Transmutation/Earth          4
   e - Metabolic Englaciation         Hexes/Ice                    5
   f - Yara's Violent Unravelling     Hexes/Transmutation          5
 C - a book of Callings

   Spells                             Type                      Level
   a - Summon Small Mammal            Summoning                    1
   b - Call Imp                       Summoning                    2
   c - Call Canine Familiar           Summoning                    3
   d - Summon Guardian Golem          Hexes/Summoning              3
   e - Summon Lightning Spire         Summoning/Air                4
   f - Summon Ice Beast               Ice/Summoning                4
Comestibles
 c - 8 bread rations
 j - 3 meat rations
 u - 5 fruits


   Skills:
 - Level 2.1 Dodging
 - Level 2.1 Stealth
 + Level 9.2 Spellcasting
 + Level 10.2 Conjurations


You had 13 spell levels left.
You knew the following spells:

 Your Spells              Type           Power        Failure   Level  Hunger
a - Magic Dart            Conj           ####         1%          1    None
b - Iskenderun's Battles  Conj/Chrm      ####....     30%         5    #####..
c - Searing Ray           Conj           ######       1%          2    None
d - Iskenderun's Mystic   Conj           ######..     1%          4    ###....


Dungeon Overview and Level Annotations

Branches:
Dungeon (7/15)             Temple (1/1) D:5

Altars:
Ashenzari
Cheibriados
Dithmenos
Elyvilon
Fedhas
Gozag
Hepliaklqana
Kikubaaqudgha
Makhleb
Okawaru
Qazlal
Ru
Trog
Uskayaw
Vehumet
Xom
Yredelemnul
Zin
The Shining One

Shops:
D:6 =(


Message History

Aim: a wraith (almost destroyed)
The magic dart hits the wraith.
The wraith is almost destroyed.
The wraith hits you. The wraith drains your vigour!
You feel as though you will be slow longer.
Unknown command.
Unknown command.
The wraith hits you! The wraith drains your vigour!
You feel as though you will be slow longer.
The wraith closely misses you. The wraith hits you.
* * * LOW HITPOINT WARNING * * *
The wraith drains your vigour!
You feel as though you will be slow longer.
The wraith hits you!
* * * LOW HITPOINT WARNING * * *
The wraith drains your vigour!
You feel as though you will be slow longer.
The wraith hits you.
You die...

#..#....# #.# ...###..# #[#
### #..###.######### ..#
#..............) #
#.######.##.######### .#
....# #..........######.#
#†#.# ##.#.####z.#......#
#.#.# #.#.....W.....<..#
#.#.# #.#.####@..z....[#
#...#####.#.##.#....###.....
#....S).............###..####
#...#####.#.##.........o.#
###.# #....#......###o## #
#.# ##...##.#...# .# #.#
#..............# #..
.........#.### ###
###>....... #


You could see a wraith and 2 wights.

Vanquished Creatures
  2 orc warriors (D:7)
  A necrophage (D:6)
  3 ogres
  A centaur (D:6)
  A wyvern zombie (D:7)
  2 wights (D:7)
  A howler monkey (D:7)
  7 crimson imps
  A centaur zombie (D:5)
  A hound (D:4)
  A centaur skeleton (D:5)
  4 orc priests
  8 orc wizards
  3 worker ants
  2 worker ant zombies
  A howler monkey skeleton (D:5)
  12 adders
  10 gnolls
  2 shadow imps
  2 oozes
  5 worms
  2 dart slugs
  2 leopard geckos
  41 orcs
  4 giant cockroaches
  5 goblins
  9 hobgoblins
  4 jackals
  8 kobolds
  3 quokkas
  2 ball pythons
  7 bats
  3 frilled lizards
  A quokka skeleton (D:3)
  3 rats
164 creatures vanquished.

Notes
Turn   | Place    | Note
-------+----------+-------------------------------------------
     0 | D:1      | theElss the High Elf Conjurer began the quest for the Orb.
     0 | D:1      | Reached XP level 1. HP: 11/11 MP: 4/4
   478 | D:1      | Reached XP level 2. HP: 17/17 MP: 4/6
   666 | D:1      | Reached skill level 5 in Conjurations
  1134 | D:2      | Reached XP level 3. HP: 21/21 MP: 2/8
  1215 | D:2      | Learned a level 2 spell: Searing Ray
  1494 | D:2      | Found a stormy altar of Qazlal.
  1985 | D:2      | Reached XP level 4. HP: 27/27 MP: 7/9
  2008 | D:2      | Learned a level 4 spell: Iskenderun's Mystic Blast
  2145 | D:2      | Found a faded altar of an unknown god.
  2145 | D:2      | Found a bloodstained altar of Trog.
  2150 | D:2      | Found a faded altar of an unknown god.
  2152 | D:2      | Found a faded altar of an unknown god.
  2154 | D:2      | Found a faded altar of an unknown god.
  2377 | D:2      | Reached skill level 6 in Conjurations
  2821 | D:3      | Reached XP level 5. HP: 29/31 MP: 2/11
  3064 | D:3      | Found a white marble altar of Elyvilon.
  3782 | D:3      | Reached skill level 7 in Conjurations
  3956 | D:4      | Noticed an ogre
  4165 | D:4      | Reached XP level 6. HP: 36/36 MP: 7/13
  4219 | D:4      | Learned a level 5 spell: Iskenderun's Battlesphere
  4390 | D:4      | Found a basalt altar of Yredelemnul.
  4478 | D:4      | Reached skill level 5 in Spellcasting
  4507 | D:4      | Found a sacrificial altar of Ru.
  5544 | D:3      | Reached XP level 7. HP: 41/41 MP: 11/16
  6047 | D:5      | Entered Level 5 of the Dungeon
  6296 | D:5      | Reached skill level 8 in Conjurations
  6340 | D:5      | Found a staircase to the Ecumenical Temple.
  6406 | Temple   | Entered the Ecumenical Temple
  6736 | Temple   | Became a worshipper of Vehumet
  7519 | D:6      | Reached XP level 8. HP: 46/46 MP: 10/19
  7715 | D:6      | Reached skill level 9 in Conjurations
  7815 | D:6      | Found Pomit's Weapon Shop.
  8214 | D:6      | Found Xusekh's Jewellery Shop.
  8221 | D:6      | Found a burning altar of Makhleb.
  8772 | D:7      | Reached * piety under Vehumet
  8772 | D:7      | Offered knowledge of Shock by Vehumet.
  9232 | D:7      | Reached skill level 10 in Conjurations
  9359 | D:7      | Found a shattered altar of Ashenzari.
  9546 | D:7      | Slain by a wraith

Skill      XL: |  1  2  3  4  5  6  7  8 |
---------------+-------------------------+-----
Conjurations   | 5 6 7 8 10 | 10.2
Spellcasting   | 3 4 5 7 9 |  9.2
Dodging        | |  2.1
Stealth        | |  2.1

Action                   |  1- 3 |  4- 6 |  7- 9 || total
-------------------------+-------+-------+-------++-------
Melee: Spear             |     8 |     7 |       ||    15
       Whip              |       |     4 |     1 ||     5
 Cast: Magic Dart        |    66 |   111 |   133 ||   310
       Searing Ray       |     3 |    11 |    16 ||    30
       Iskenderun's Myst |       |    13 |    38 ||    51
 Abil: Evoke Berserk Rag |       |     1 |       ||     1
  Use: Scroll            |       |     3 |     3 ||     6
 Stab: Sleeping          |       |     1 |       ||     1
  Eat: Chunk             |     3 |    13 |    15 ||    31
       Pizza             |       |     1 |     1 ||     2
       Beef jerky        |       |       |     2 ||     2
Armor: Robe              |     1 |     2 |     7 ||    10
Dodge: Dodged            |     5 |    22 |    35 ||    62
